 Dungeon Crawl Stone Soup version 0.28.0-53-g5a82cb258f (webtiles) character file.

Game seed: 780633236791589491

3948 issech the Spear-Bearer (level 10, -3/77 HPs)
             Began as a Minotaur Monk on June 24, 2022.
             Was an Elder of Hepliaklqana.
             Slain by a ten-headed hydra (12 damage)
             ... on level 8 of the Dungeon.
             The game lasted 00:25:58 (6401 turns).

issech the Spear-Bearer (Minotaur Monk)             Turns: 6401, Time: 00:25:59

Health: -3/77      AC: 16    Str: 18    XL:     10   Next: 2%
Magic:  9/9        EV: 12    Int:  7    God:    Hepliaklqana [****..]
Gold:   363        SH:  0    Dex: 21    Spells: 9/9 levels left

rFire   . . .      SeeInvis .   r - +4 great sword
rCold   . . .      Faith    .   (shield currently unavailable)
rNeg    . . .      Spirit   .   n - +0 plate armour
rPois   .          Reflect  .   (helmet restricted)
rElec   .          Harm     .   A - +0 cloak
rCorr   .          Rampage  .   (no gloves)
Will    .....                   s - +0 pair of boots
Stlth   ..........              h - amulet of regeneration
HPRegen 1.02/turn               w - +6 ring of dexterity
MPRegen 0.11/turn               V - +4 ring of evasion

@: no status effects
A: reduced essence, horns 2, retaliatory headbutt
a: Renounce Religion, Recall Ancestor, Ancestor Identity, Transference, Idealise


You were on level 8 of the Dungeon.
You worshipped Hepliaklqana.
Hepliaklqana was greatly pleased with you.
You visited 2 branches of the dungeon, and saw 9 of its levels.

You collected 376 gold pieces.
You spent 13 gold pieces at shops.

Inventory:

Hand Weapons
 b - a +1 hand axe of flaming
 g - a +2 hunting sling of freezing
 m - a +0 hand axe of electrocution
 q - a +1 flail of protection
 r - a +4 great sword (weapon)
 v - a +3 dire flail
 D - a +4 falchion
 S - a +0 vorpal spear
 T - a +2 short sword of holy wrath
 W - a +4 vorpal mace
 Y - a +2 spear of flaming
Missiles
 a - 4 throwing nets
 d - 27 sling bullets
 i - 97 stones
 u - 69 arrows
 G - 3 atropa-tipped darts
 I - 12 poisoned darts
 P - 6 boomerangs
Armour
 n - a +0 plate armour (worn)
 s - a +0 pair of boots (worn)
 y - the +1 robe of Sioffimm {Will+ Int+2}
   (You found it on level 2 of the Dungeon)

   Int:       It affects your intelligence (+2).
   Will:      It increases your willpower.
 A - a +0 cloak (worn)
Jewellery
 h - an amulet of regeneration (around neck)
 o - a ring of resist corrosion
 w - a +6 ring of dexterity (left hand)
 N - a ring of protection from cold
 U - a ring of ice
 V - a +4 ring of evasion (right hand)
 X - an amulet of the acrobat
Wands
 f - a wand of flame (40) (quivered)
 B - a wand of polymorph (8)
Scrolls
 c - a scroll of fear
 e - 2 scrolls of amnesia
 l - 5 scrolls of teleportation
 x - 2 scrolls of holy word
 C - 2 scrolls of silence {unknown}
 E - a scroll of enchant weapon {unknown}
 H - 2 scrolls of magic mapping {unknown}
 L - 3 scrolls of immolation {unknown}
 Q - a scroll of enchant armour {unknown}
 R - 2 scrolls of blinking {unknown}
Potions
 j - 4 potions of mutation {unknown}
 k - a potion of lignification {unknown}
 p - 3 potions of curing {unknown}
 t - 2 potions of magic {unknown}
 z - 3 potions of berserk rage {unknown}
 F - a potion of experience {unknown}
 J - 3 potions of attraction {unknown}
 K - 2 potions of flight {unknown}
 M - 2 potions of invisibility {unknown}
 O - 2 potions of cancellation {unknown}
 Z - a potion of brilliance {unknown}


   Skills:
 + Level 7.6 Fighting
 + Level 0.2 Long Blades
 + Level 4.4(8.6) Axes
 + Level 11.6(11.9) Polearms
 + Level 1.9 Slings
 + Level 8.5 Armour
 + Level 4.0 Dodging
 + Level 4.0 Stealth


You had 9 spell levels left.
You didn't know any spells.
Your spell library contained the following spells:

 Spells                   Type           Power      Damage    Failure   Level
 Foxfire                  Conj/Fire      0%         2x1d4     100%        1
 Summon Small Mammal      Summ           0%         N/A       100%        1
 Blink                    Tloc           0%         N/A       100%        2
 Ensorcelled Hibernation  Hex/Ice        0%         N/A       100%        2
 Passwall                 Tmut/Erth      0%         N/A       100%        2
 Call Canine Familiar     Summ           0%         N/A       100%        3
 Conjure Flame            Conj/Fire      0%         6-21      100%        3
 Inner Flame              Hex/Fire       0%         N/A       100%        3
 Stone Arrow              Conj/Erth      0%         3d7       100%        3
 Summon Guardian Golem    Hex/Summ       0%         N/A       100%        3
 Swiftness                Air            0%         N/A       100%        3
 Animate Armour           Summ/Erth      0%         N/A       100%        4
 Flame Wave               Conj/Fire      0%         2d4       100%        4
 Passage of Golubria      Tloc           0%         N/A       100%        4
 Manifold Assault         Tloc           0%         N/A       100%        5
 Silence                  Hex/Air        0%         N/A       100%        5
 Storm Form               Tmut/Air       0%         N/A       100%        7
 Lehudib's Crystal Spear  Conj/Erth      0%         10d2      100%        8


Dungeon Overview and Level Annotations

Branches:
Dungeon (8/15)             Temple (1/1) D:6
   Lair: D:8-11

Altars:
Ashenzari
Cheibriados
Dithmenos
Elyvilon
Gozag
Hepliaklqana
Kikubaaqudgha
Nemelex Xobeh
Okawaru
Qazlal
Ru
Sif Muna
Uskayaw
Vehumet
Yredelemnul
The Shining One
Jiyva

Shops:
D:6 !


Innate Abilities, Weirdness & Mutations

Your life essence is reduced to manifest your ancestor. (-10% HP)
You have a pair of horns on your head.
You reflexively headbutt those who attack you in melee.


Message History

The nine-headed hydra barely misses you.
The nine-headed hydra bites you.
* * * LOW HITPOINT WARNING * * *
The nine-headed hydra bites you but does no damage.
Kammani casts a spell at the nine-headed hydra.
The puff of frost hits the nine-headed hydra!
Kammani hits the nine-headed hydra with a +0 quarterstaff!
There is an open door here.
Throw: 98 stones
Press: ? - help, Q - select action, (/) - cycle Shift-Dir - straight line, f - nine-headed hydra
Aim: a nine-headed hydra (heavily wounded, ally target, 81% to hit)
You throw a stone.
The stone hits the nine-headed hydra but does no damage.
The nine-headed hydra is heavily wounded.
Kammani hits the nine-headed hydra with a +0 quarterstaff!
The nine-headed hydra bites Kammani!
The nine-headed hydra bites Kammani.
The nine-headed hydra closely misses Kammani.
The nine-headed hydra barely misses Kammani.
The nine-headed hydra bites Kammani!
The nine-headed hydra closely misses Kammani.
The nine-headed hydra bites Kammani.
The nine-headed hydra bites Kammani!
Kammani is destroyed!
The nine-headed hydra roars!
Aiming: Throw Flame
Press: ? - help, Q - select action, (/) - cycle Shift-Dir - straight line, f/p - nine-headed hydra
Aim: a nine-headed hydra (heavily wounded, 89% to hit)
The puff of flame hits the nine-headed hydra.
The nine-headed hydra is severely wounded.
You hack one of the nine-headed hydra's heads off!
The eight-headed hydra grows two more!
You slash the ten-headed hydra!
The ten-headed hydra is severely wounded.
The ten-headed hydra bites you but does no damage. x2
The ten-headed hydra bites you.
* * * LOW HITPOINT WARNING * * *
The ten-headed hydra barely misses you. The ten-headed hydra bites you!
* * * LOW HITPOINT WARNING * * *
The ten-headed hydra barely misses you.
The ten-headed hydra bites you but does no damage.
The ten-headed hydra bites you!
You die...

## #.# #####....##.# ####.#
#.....#... ...#.# #...#.#####
.....# #...#.# #.##.# #...#.#
...[.# #####...#.# # ..#.<#
#.........# ##.#
..#..#######.##...########...#
..#.......##.##.@D....)....#
................#....()....#
..##.####.##.####.......#.##
..##.####+##....+....##'##..
............#####....#8.8# ##
...#.#......# ######...#
.#.#.#......# #...#
.#...#......# #...#
.##..#......# .....


You could see a ten-headed hydra.

Vanquished Creatures
  A centaur zombie (D:8)
  2 water moccasins (D:7)
  A phantom (D:6)
  A kobold brigand (D:7)
  A gnoll sergeant (D:7)
  A scorpion (D:4)
  A water moccasin zombie (D:5)
  3 wights (D:8)
  2 bullfrog zombies
  A jelly (D:5)
  2 orc priests (D:5)
  A bullfrog skeleton (D:5)
  2 iguanas
  3 orc wizards
  A killer bee zombie (D:8)
  4 adders
  3 gnolls (D:7)
  An ufetubus (D:6)
  2 worms (D:2)
  A dart slug (D:6)
  17 orcs
  3 ball pythons
  7 bats
  3 endoplasms
  3 giant cockroaches
  8 goblins
  3 hobgoblins
  9 jackals
  4 kobolds
  10 quokkas
  3 frilled lizards
  6 rats
110 creatures vanquished.

Vanquished Creatures (collateral kills)
  Harold (D:7)
  A two-headed ogre (D:7)
  A water moccasin (D:7)
  An orc warrior (D:6)
  A necrophage (D:6)
  A black bear (D:5)
  A phantom (D:5)
  Blork the orc (D:5)
  A bullfrog (D:8)
  A wyvern zombie (D:5)
  A scorpion (D:6)
  A water moccasin zombie (D:5)
  A wyvern skeleton (D:6)
  A wight (D:8)
  4 orc priests
  2 hounds (D:6)
  A jelly (D:6)
  A bullfrog skeleton (D:4)
  2 centaur skeletons
  2 iguanas
  An orc wizard (D:5)
  A hound skeleton (D:4)
  An adder (D:5)
  A gnoll (D:7)
  A dart slug (D:4)
  8 orcs
  2 hobgoblins (D:4)
  3 kobolds
  2 goblins (D:4)
46 creatures vanquished.

Vanquished Creatures (others)
  2 battlemagi
2 creatures vanquished.

Grand Total: 158 creatures vanquished

Notes
Turn   | Place    | Note
-------+----------+-------------------------------------------
     0 | D:1      | issech the Minotaur Monk began the quest for the Orb.
     0 | D:1      | Reached XP level 1. HP: 19/19 MP: 0/0
   330 | D:1      | Reached XP level 2. HP: 27/27 MP: 1/1
   780 | D:2      | Reached skill level 1 in Slings
   906 | D:2      | Reached XP level 3. HP: 33/33 MP: 2/2
   950 | D:2      | You fall into a shaft and drop 1 floor!
  1530 | D:2      | Identified the +1 robe of Sioffimm {Will+ Int+2}
  1614 | D:3      | Reached skill level 1 in Polearms
  1636 | D:3      | Reached skill level 1 in Armour
  1636 | D:3      | Reached XP level 4. HP: 40/40 MP: 3/3
  1741 | D:3      | Reached skill level 2 in Polearms
  1803 | D:3      | Found a faded altar of an unknown god.
  1933 | D:3      | Found a sparkling altar of Nemelex Xobeh.
  2074 | D:3      | Found a hide-covered altar of Uskayaw.
  2217 | D:4      | Noticed a scorpion
  2228 | D:4      | Found a hazy altar of Hepliaklqana.
  2236 | D:4      | Became a worshipper of Hepliaklqana the Forgotten
  2236 | D:4      | Reached * piety under Hepliaklqana
  2236 | D:4      | Reached ** piety under Hepliaklqana
  2237 | D:4      | Remembered your ancestor Kammani as a battlemage
  2246 | D:4      | Reached XP level 5. HP: 25/42 MP: 4/4
  2248 | D:4      | Reached skill level 3 in Polearms
  2617 | D:4      | Reached XP level 6. HP: 46/49 MP: 5/5
  2657 | D:4      | Reached skill level 5 in Fighting
  2890 | D:5      | Entered Level 5 of the Dungeon
  2900 | D:5      | Noticed Blork the orc
  2906 | D:5      | Killed Blork the orc
  2907 | D:5      | Reached skill level 4 in Polearms
  2925 | D:5      | Reached skill level 5 in Polearms
  2925 | D:5      | Reached XP level 7. HP: 51/54 MP: 6/6
  2973 | D:5      | Found a stormy altar of Qazlal.
  3171 | D:5      | Reached skill level 6 in Polearms
  3205 | D:5      | Found an opulent altar of Gozag.
  3246 | D:5      | Reached skill level 5 in Armour
  3555 | D:6      | Reached skill level 7 in Polearms
  3555 | D:6      | Reached XP level 8. HP: 63/63 MP: 7/7
  3669 | D:6      | Found a snail-covered altar of Cheibriados.
  3772 | D:6      | Reached *** piety under Hepliaklqana
  4020 | D:6      | Found a staircase to the Ecumenical Temple.
  4049 | Temple   | Entered the Ecumenical Temple
  4355 | D:6      | Reached skill level 8 in Polearms
  4404 | D:6      | Found Uliockag's Distillery.
  4411 | D:6      | Bought a potion of degeneration for 13 gold pieces
  4932 | D:7      | Reached **** piety under Hepliaklqana
  5115 | D:7      | Noticed Harold
  5133 | D:7      | Killed Harold
  5134 | D:7      | Reached skill level 9 in Polearms
  5134 | D:7      | Reached XP level 9. HP: 13/71 MP: 8/8
  5198 | D:7      | Found a shadowy altar of Dithmenos.
  5294 | D:7      | Noticed a two-headed ogre
  5301 | D:7      | Killed a two-headed ogre
  5302 | D:7      | Reached skill level 10 in Polearms
  6006 | D:8      | Reached skill level 11 in Polearms
  6376 | D:8      | Reached XP level 10. HP: 71/77 MP: 9/9
  6383 | D:8      | Found a snail-covered altar of Cheibriados.
  6384 | D:8      | Noticed an eight-headed hydra
  6386 | D:8      | Found a shimmering blue altar of Sif Muna.
  6386 | D:8      | Found a hazy altar of Hepliaklqana.
  6401 | D:8      | Slain by a ten-headed hydra

Illustrated notes

Levels and vault maps discovered:
D:1:      dpeg_arrival_boxorama, layout_basic
D:2:      layout_loops_ring, kennysheep_cluttered_room, corexii_corridor_pit,
          kennysheep_decorative_pillar, minivault_25, minmay_misc_feat_five,
          kennysheep_generic_room_13
D:3:      layout_rooms, lemuel_round_altar, nemelex_spade_bored_becter,
          basic_ecumenical_altar, minmay_goblin_kobold_house
D:4:      layout_loops_cross, mainiacjoe_overflow_boulevard
D:5:      layout_cave_pools, grunt_gozag_statues,
          mainiacjoe_overflow_concentric_impassable, uniq_blork_the_orc
D:6:      layout_gridville, kennysheep_slug_shrine, temple_statues,
          serial_shops, kennysheep_mini
D:7:      layout_basic, nicolae_dithmenos_the_darkroom, uniq_harold
D:8:      layout_basic, lemuel_coloured_pillars_altar, doesnt_xom_only_xom,
          corexii_corridor_pit
Temple:   pf_slime_end_temple

Skill      XL: |  1  2  3  4  5  6  7  8  9 |
---------------+----------------------------+-----
Axes           | 4 |  4.4
Slings         | 1 |  1.9
Polearms       | 1 2 3 5 7 9 11 | 11.6
Armour         | 1 3 4 5 7 8 |  8.5
Fighting       | 4 5 6 7 |  7.6
Stealth        | 2 3 4 |  4.0
Dodging        | 4 |  4.0
Long Blades    | |  0.2

Action                   |  1- 3 |  4- 6 |  7- 9 | 10-12 || total
-------------------------+-------+-------+-------+-------++-------
Melee: Hand axe          |     9 |       |       |       ||     9
       Halberd           |    41 |    72 |   128 |       ||   241
       Headbutt          |     3 |    18 |    30 |       ||    51
       Great sword       |       |       |    11 |     5 ||    16
 Fire: Hunting sling     |    48 |       |       |       ||    48
Throw: Stone             |       |       |       |     1 ||     1
Invok: Ancestor Life: Ba |       |     1 |       |       ||     1
Evoke: Wand              |       |       |       |     1 ||     1
  Use: Scroll            |       |       |     6 |       ||     6
 Stab: Distracted        |       |       |     8 |       ||     8
Armor: Chain mail        |    24 |       |       |       ||    24
       Robe              |     6 |       |       |       ||     6
       Plate armour      |    81 |   104 |   110 |    15 ||   310
Dodge: Dodged            |    45 |    24 |    73 |    18 ||   160
